 Dungeon Crawl Stone Soup version 0.27-a0-1217-g8a41f320e8 (webtiles) character file.

Game seed: 16165938765605120144

44 Delamore the Skirmisher (level 3, -5/30 HPs)
             Began as a Formicid Fighter on June 6, 2021.
             Was a Follower of Nemelex Xobeh.
             Slain by a black bear (10 damage)
             ... on level 2 of the Dungeon.
             The game lasted 00:01:45 (1622 turns).

Delamore the Skirmisher (Formicid Fighter)          Turns: 1622, Time: 00:01:46

Health: -5/30      AC:  9    Str: 21    XL:     3   Next: 85%
Magic:  3/3        EV:  6    Int:  7    God:    Nemelex Xobeh [*.....]
Gold:   76         SH:  9    Dex: 10    Spells: 2/2 levels left

rFire    . . .     SeeInvis +   k - +0 spear
rCold    . . .     Faith    .   c - +0 kite shield
rNeg     . . .     Spirit   .   h - +0 chain mail
rPois    .         Reflect  .   (helmet unavailable)
rElec    .         Harm     .   (no cloak)
rCorr    .         Rampage  .   (no gloves)
Will     .....                  (no boots)
Stlth    ..........             (no amulet)
HPRegen  0.10/turn              (no ring)
MPRegen  0.08/turn              (no ring)

@: no status effects
A: permanent stasis, dig shafts and tunnels, antennae 3, four strong arms
a: Dig, Shaft Self, Renounce Religion, Draw Escape, Draw Destruction, Draw
Summoning


You were on level 2 of the Dungeon.
You worshipped Nemelex Xobeh.
Nemelex Xobeh was aware of your devotion.
You visited 1 branch of the dungeon, and saw 2 of its levels.

You collected 76 gold pieces.

Inventory:

Hand Weapons
 a - a +0 war axe
 k - a +0 spear (weapon)
Missiles
 m - 13 poisoned darts
Armour
 b - a +0 scale mail
 c - a +0 kite shield (worn)
 h - a +0 chain mail (worn)
Jewellery
 j - a ring of fire
Scrolls
 n - a scroll of vulnerability
Potions
 d - a potion of might
 i - a potion of cancellation {unknown}
 l - a potion of degeneration {unknown}


   Skills:
 + Level 3.9 Fighting
 - Level 2.0(2.6) Axes
 * Level 2.5(2.9) Polearms
 - Level 3.2 Armour
 - Level 3.6 Shields


You had 2 spell levels left.
You didn't know any spells.
Your spell library was empty.

Dungeon Overview and Level Annotations

Branches:
Dungeon (2/15)

Altars:
Nemelex Xobeh


Innate Abilities, Weirdness & Mutations

You cannot be hasted, slowed, berserked, paralysed or teleported.
You can dig through walls and to a lower floor.
You have a pair of large antennae on your head. (SInv)
Your four strong arms can wield two-handed weapons with a shield.


Message History

You hit the black bear but do no damage.
The black bear is heavily wounded.
You block the black bear's attack.
The black bear claws you but does no damage. x2
You hit the black bear but do no damage.
The black bear is heavily wounded.
The black bear bites you. You block the black bear's attack. x2
You hit the black bear.
The black bear is severely wounded.
The black bear goes berserk!
The black bear barely misses you. The black bear claws you.
You block the black bear's attack.
You hit the black bear.
The black bear is almost dead.
The black bear bites you. You block the black bear's attack.
The black bear claws you.
You hit the black bear but do no damage.
The black bear is almost dead.
You block the black bear's attack. The black bear claws you.
* * * LOW HITPOINT WARNING * * *
You block the black bear's attack.
The black bear bites you but does no damage.
The black bear claws you but does no damage. x2
You feel much better. You block the black bear's attack.
The black bear claws you but does no damage.
You block the black bear's attack.
You barely miss the black bear.
The black bear is almost dead.
The black bear bites you but does no damage.
The black bear claws you but does no damage.
The black bear claws you. The black bear bites you! The black bear claws you.
* * * LOW HITPOINT WARNING * * *
The black bear closely misses you.
You hit the black bear.
The black bear is almost dead.
The black bear bites you but does no damage.
The black bear closely misses you. The black bear claws you.
* * * LOW HITPOINT WARNING * * *
The black bear bites you!
You die...
Your body glows slightly and disappears.

#### .....
.....h#########..
.....hh@.........
......###.#####.#
..... #.# ....
#.# ... #.# ..
#.# # #.# #
#.########.#
#..........#


You could see a black bear (berserk) and 2 jackals.

Vanquished Creatures
  An adder (D:2)
  2 dart slugs
  2 bats
  3 endoplasms (D:1)
  4 giant cockroaches
  A goblin (D:1)
  A jackal (D:1)
  3 kobolds (D:1)
  2 quokkas
  4 ball pythons
  4 frilled lizards
  3 rats
30 creatures vanquished.

Notes
Turn   | Place    | Note
-------+----------+-------------------------------------------
     0 | D:1      | Delamore the Formicid Fighter began the quest for the Orb.
     0 | D:1      | Reached XP level 1. HP: 18/18 MP: 1/1
   369 | D:1      | Reached skill level 1 in Polearms
   387 | D:1      | Reached XP level 2. HP: 24/24 MP: 2/2
   629 | D:1      | Found a faded altar of an unknown god.
   660 | D:1      | Became a worshipper of Nemelex Xobeh the Trickster
   660 | D:1      | Reached * piety under Nemelex Xobeh
   660 | D:1      | Received a gift from Nemelex Xobeh
   738 | D:1      | Reached XP level 3. HP: 28/30 MP: 3/3
  1604 | D:2      | Noticed a black bear
  1622 | D:2      | Slain by a black bear

Illustrated notes

Levels and vault maps discovered:
D:1:      scummos_arrival_hexagon, layout_basic,
          hellmonk_ecumenical_altar_lost_god, minmay_tall_x
D:2:      layout_basic

Skill      XL: |  1  2  3 |
---------------+----------+-----
Polearms       | 1 2 |  2.5
Fighting       | |  3.9
Axes           | |  2.0
Armour         | |  3.2
Shields        | |  3.6

Action                   || total
-------------------------++-------
Melee: War axe           ||    44
       Spear             ||   103
 Abil: Dig               ||     1
  Use: Scroll            ||     6
       Potion            ||     1
Armor: Scale mail        ||    14
       Chain mail        ||    61
Dodge: Dodged            ||    44
Block: Kite shield       ||    83

Table legend: (Time is in decaauts)
 A = Elapsed time spent in this place.
 B = Non-inter-level travel time spent in this place.
 C = Inter-level travel time spent in this place.
 D = Time resting spent in this place.
 E = Time spent auto-exploring this place.
 F = Levels seen in this place.
 G = Mean time per level.
                   A        B        C        D        E       F      G
               +--------+--------+--------+--------+--------+-----+--------+
         Total |   1664 |   1629 |     35 |    473 |    838 |   2 |  832.0 |
       Dungeon |   1664 |   1629 |     35 |    473 |    838 |   2 |  832.0 |
               +--------+--------+--------+--------+--------+-----+--------+

Top non-repeatable levels by time:
     D:1: 1168 daAuts
     D:2: 495 daAuts
